 Dungeon Crawl Stone Soup version 0.30-a0-424-g7412bad402 (webtiles) character file.

Game seed: 4723903437429838266

67 Khashishi the Grave Robber (level 4, -2/21 HPs)
             Began as a Vine Stalker Necromancer on Dec 10, 2022.
             Slain by Grinder (4 damage)
             ... while paralysed by Grinder
             ... on level 3 of the Dungeon.
             The game lasted 00:08:49 (2082 turns).

Khashishi the Grave Robber (VSNe)                   Turns: 2082, Time: 00:08:49

Health: -2/21      AC:  3    Str: 10    XL:     4   Next: 16%
Magic:  0/10       EV:  2    Int: 17    God:
Gold:   102        SH:  0    Dex: 15    Spells: 6/10 levels left

rFire   . . .      SeeInvis .    o - +2 short sword (drain)
rCold   . . .      Faith    .    (no shield)
rNeg    . . .      Spirit   +    p - +0 leather armour
rPois   .          Reflect  .    (no helmet)
rElec   .          Harm     .    (no cloak)
rCorr   .          Rampage  .    (no gloves)
Will    .....                    (no boots)
Stlth   ++........               (no amulet)
HPRegen 1.03/turn                (no ring)
MPRegen 0.12/turn                (no ring)

@: paralysed
A: fangs 2, regeneration 1, magic shield, antimagic bite, no potion heal 2
a: no special abilities


You were on level 3 of the Dungeon.
You visited 1 branch of the dungeon, and saw 3 of its levels.

You collected 102 gold pieces.

Inventory:

Hand Weapons
 o - a +2 short sword of draining (weapon)
Missiles
 j - 13 poisoned darts
 l - 26 stones
Armour
 p - a +0 leather armour (worn)
Scrolls
 a - a scroll of immolation {unknown}
 c - 3 scrolls of enchant weapon {unknown}
 d - a scroll of teleportation {unknown}
 e - a scroll of noise {unknown}
 g - a scroll of butterflies {unknown}
 h - a scroll of poison {unknown}
 i - 4 scrolls of identify {unknown}
 m - a scroll of vulnerability {unknown}
 q - a scroll of torment {unknown}
Potions
 b - a potion of magic
 f - 2 potions of haste {unknown}
 k - a potion of curing {unknown}
 n - a potion of attraction {unknown}


   Skills:
 - Level 1.5 Dodging
 - Level 2.4 Stealth
 + Level 3.5 Spellcasting
 + Level 4.8 Necromancy


You had 6 spell levels left.
You knew the following spells:

 Your Spells              Type           Power      Damage    Failure   Level
a - Necrotise             Necr           76%        1d7       3%          1
b - Vampiric Draining     Necr           19%        2d7       10%         3

Your spell library contained the following spells:

 Spells                   Type           Power      Damage    Failure   Level
 Animate Dead             Necr           19%        N/A       30%         4
 Scorch                   Fire           4%         2d5       34%         2
 Agony                    Necr           19%        N/A       65%         5
 Flame Wave               Conj/Fire      2%         2d4       92%         4
 Summon Cactus Giant      Summ           1%         N/A       100%        6


Dungeon Overview and Level Annotations

Branches:
Dungeon (3/15)

Altars:
Trog

Annotations:
D:2 exclusion: black bear
D:3 2 transporters, Grinder


Innate Abilities, Weirdness & Mutations

You have extremely sharp teeth.
Your natural rate of healing is unusually fast.
When hurt, damage is shared between your health and your magic reserves.
Your bite disrupts and absorbs the magic of your enemies.
Potions cannot restore your health.


Message History

You swap places.
You swap places.
Magic restored.
Your ball python skeleton crumbles into dust!
A kobold comes into view. It is wielding a +0 whip.
The kobold shouts!
The kobold writhes in agony.
The kobold writhes in agony.
You kill the kobold!
The dead are walking!
l - 26 stones (gained 2)
You see here a +0 whip.
You swap places.
Your kobold skeleton crumbles into dust!
i - 4 scrolls labelled ZEHESH KIYLESS (gained 1)
You see here a +0 whip.
You see here a +0 whip.
A rat comes into view.
The rat barely resists.
The rat writhes in agony.
You kill the rat!
The dead are walking!
q - a scroll labelled SECSORPHICUZE Your rat skeleton struggles to resist.
You aren't carrying any items that you can evoke.
Your rat skeleton barely misses Grinder.
Grinder hits you but does no damage.
You hit Grinder but do no damage. You bite Grinder, but do no damage.
Grinder barely misses you.
Your rat skeleton bites Grinder but does no damage.
Grinder gestures at you.
You suddenly lose the ability to move!
Your rat skeleton barely misses Grinder.
Grinder hits you.
You writhe in agony.
Your rat skeleton bites Grinder.
Grinder hits you!
You writhe in agony.
Your rat skeleton bites Grinder but does no damage.
Grinder hits you!
* * * LOW HITPOINT WARNING * * *
You writhe in agony.
You die...

. +.... ©⌠ $ #g#P⌠P# .8 .$
#..≈≈ #.######+### #
#..≈≈###............ ? #..≈≈
...###©#####.###.. #..≈≈#
#.#.###.©.###.#.#
#..≈≈#####...........####
#..≈≈≈≈≈≈≈≈≈≈≈.5.≈≈≈≈≈≈≈≈
#..≈≈≈≈≈≈≈≈≈≈≈@Z.≈≈≈≈≈≈≈≈
#........................
#.####.#..##.##..........
#......#.###÷##..........
######.#.###.####.##.#..
#.#...#.# #.# #
#.###.#.####.##.##########
###.# #.#.Z[......#.........
##...###.######.####.###.####


You could see Grinder (ally target) and a friendly rat skeleton.

Vanquished Creatures
  An adder (D:3)
  2 dart slugs
  8 ball pythons
  7 bats
  5 endoplasms
  3 giant cockroaches (D:1)
  3 goblins (D:2)
  2 hobgoblins (D:1)
  2 jackals (D:1)
  4 kobolds
  3 quokkas (D:2)
  2 frilled lizards
  5 rats
47 creatures vanquished.

Vanquished Creatures (collateral kills)
  A frilled lizard (D:3)
  A kobold (D:2)
2 creatures vanquished.

Grand Total: 49 creatures vanquished

Notes
Turn   | Place    | Note
-------+----------+-------------------------------------------
     0 | D:1      | Khashishi the Vine Stalker Necromancer began the quest for
                  | the Orb.
     0 | D:1      | Reached XP level 1. HP: 9/9 MP: 4/4
   109 | D:1      | Reached XP level 2. HP: 13/13 MP: 1/6
   233 | D:2      | Found a bloodstained altar of Trog.
   262 | D:2      | Noticed a black bear
   419 | D:1      | Reached XP level 3. HP: 16/16 MP: 5/8
  1326 | D:2      | Learned a level 3 spell: Vampiric Draining
  1763 | D:3      | Found a transporter.
  1763 | D:3      | Found a transporter.
  1770 | D:3      | Gained mutation: Your natural rate of healing is unusually
                  | fast. [Vine Stalker growth]
  1770 | D:3      | Reached XP level 4. HP: 21/21 MP: 6/10
  1771 | D:3      | Noticed Grinder
  2079 | D:3      | Paralysed by Grinder for 5 turns
  2082 | D:3      | Slain by Grinder

Illustrated notes

Levels and vault maps discovered:
D:1:      eino_arrival_cavern_d, layout_basic, serial_corexii_hall,
          corexii_hall_statues_u, corexii_hall_statues_l,
          chequers_hall_statues_corner_a, corexii_hall_statues_t,
          corexii_hall_statues_t, corexii_hall_statues_s
D:2:      layout_basic, basic_altar
D:3:      mumra_celtic_spiral_tile, layout_loops_ring,
          lemuel_zombie_altar_kikubaaqudgha, gammafunk_ghost_gnarly_gnolls,
          grunt_ministairs_10, nicolae_wormholes, uniq_grinder

Skill      XL: |  1  2  3 |
---------------+----------+-----
Spellcasting   | 3 |  3.5
Dodging        | |  1.5
Stealth        | |  2.4
Necromancy     | |  4.8

Action                   |  1- 3 |  4- 6 || total
-------------------------+-------+-------++-------
Melee: Dagger            |    15 |       ||    15
       Mace              |     5 |       ||     5
       Bite              |     3 |     1 ||     4
       Short sword       |     6 |     5 ||    11
       Punch             |     1 |       ||     1
 Cast: Necrotise         |    46 |     8 ||    54
       Vampiric Draining |       |     1 ||     1
 Stab: Sleeping          |     6 |       ||     6
Armor: Robe              |     4 |       ||     4
       Leather armour    |     1 |     2 ||     3
Dodge: Dodged            |    21 |     8 ||    29

Table legend: (Time is in decaauts)
 A = Elapsed time spent in this place.
 B = Non-inter-level travel time spent in this place.
 C = Inter-level travel time spent in this place.
 D = Time resting spent in this place.
 E = Time spent auto-exploring this place.
 F = Levels seen in this place.
 G = Mean time per level.
                   A        B        C        D        E       F      G
               +--------+--------+--------+--------+--------+-----+--------+
         Total |   2082 |   1969 |    113 |      0 |   1409 |   3 |  694.0 |
       Dungeon |   2082 |   1969 |    113 |      0 |   1409 |   3 |  694.0 |
               +--------+--------+--------+--------+--------+-----+--------+

Top non-repeatable levels by time:
     D:2: 878 daAuts
     D:1: 812 daAuts
     D:3: 392 daAuts
